 Dungeon Crawl Stone Soup version 0.30.0-5-g1a98f26d00 (webtiles) character file.

Game seed: 8943108663383502746

730861 Mahakala the Conqueror (level 27, -34/199 HPs)
             Began as a Gargoyle Monk on May 11, 2023.
             Was the Champion of the Shining One.
             Killed from afar by an ancient lich (87 damage)
             ... with a crystal spear
             ... on level 5 of the Realm of Zot on May 12, 2023.
             The game lasted 08:35:06 (106246 turns).

Mahakala the Conqueror (Gargoyle Monk)            Turns: 106246, Time: 08:35:06

Health: -34/199    AC: 72    Str: 36    XL:     27
Magic:  13/13      EV: 11    Int: 10    God:    the Shining One [******]
Gold:   8147       SH: 18    Dex: 10    Spells: 26/26 levels left

rFire   + . .        w - +8 eveningstar (antimagic)
rCold   + + .        A - +3 kite shield
rNeg    + + +        Z - +12 gold dragon scales
rPois   ∞            (helmet restricted)
rElec   +            K - +2 cloak {Will+}
rCorr   +            W - +2 pair of gloves {Str+3}
SInv    +            N - +2 pair of boots
Will    ++++.        x - amulet of faith {!P} Stlth
                     B - ring of resist corrosion
HPRegen 0.53/turn    P - ring "Lanidun" {rC+ Str+5 SInv Stlth+}
MPRegen 0.13/turn

%: faith
@: mighty, flying, hasted (expiring), glowing, studying Summonings, unable to
drink, very quick
A: sickness immunity, AC +20, big wings, negative energy resistance 1,
electricity resistance, torment resistance 1, petrification resistance, antennae
1, claws 1, hooves 1, clumsy 1, deterioration 1, dopey 1, strong-willed 1,
evolution 1, inability to drink after injury 1
}: 6/15 runes: serpentine, barnacled, slimy, silver, icy, abyssal
a: Renounce Religion, Divine Shield, Cleansing Flame, Summon Divine Warrior


You were on level 5 of the Realm of Zot.
You worshipped the Shining One.
The Shining One was exalted by your worship.
You visited 15 branches of the dungeon, and saw 65 of its levels.
You visited the Abyss 2 times.
You also visited: Bailey and Wizlab.

You collected 9321 gold pieces.
You spent 1174 gold pieces at shops.

Inventory:

Hand Weapons
 a - a +9 spectral eveningstar
 b - a +9 sacred scourge of holy wrath
 w - a +8 antimagic eveningstar (weapon)
Missiles
 i - 44 poisoned darts
 j - 12 javelins
 k - 6 throwing nets {!f}
 s - 17 silver javelins
 H - 6 curare-tipped darts {!f}
 S - 6 datura-tipped darts {!f}
 X - 4 boomerangs (quivered)
 Y - a silver boomerang
Armour
 A - a +3 kite shield (worn)
 K - a +2 cloak of willpower (worn)
 M - a +2 helmet of intelligence
 N - a +2 pair of boots (worn)
 W - a +2 pair of gloves of strength (worn)
 Z - +12 gold dragon scales (worn)
Jewellery
 m - the ring "Ohuasupu" {Fly rElec rF- Will++ Slay+4}
   (You acquired it on level 2 of the Depths)

   [ring of slaying]

   Slay:      It affects your accuracy & damage with ranged weapons and melee
   (+4).
   rF:        It makes you vulnerable to fire.
   rElec:     It insulates you from electricity.
   Fly:       It grants you flight.
   Will:      It greatly increases your willpower.
 x - an amulet of faith (around neck) {!P}
 z - a ring of protection from cold
 B - a ring of resist corrosion (left hand)
 P - the ring "Lanidun" (right hand) {rC+ Str+5 SInv Stlth+}
   (You took it off a deep elf blademaster on level 3 of the Elven Halls)

   [ring of see invisible]

   Str:       It affects your strength (+5).
   rC:        It protects you from cold.
   SInv:      It lets you see invisible.
   Stlth:     It makes you more stealthy.
 R - a ring of willpower
 T - a ring of protection from fire
Wands
 g - a wand of mindburst (15)
 t - a wand of flame (25)
 u - a wand of paralysis (51)
 v - a wand of digging (35)
 y - a wand of roots (40)
 D - a wand of light (23)
 V - a wand of polymorph (30)
Scrolls
 c - 4 scrolls of poison
 f - 28 scrolls of teleportation {@r4}
 n - 8 scrolls of fear
 p - a scroll of acquirement
 q - 4 scrolls of blinking
 F - 10 scrolls of fog
 G - 4 scrolls of butterflies
 I - 14 scrolls of vulnerability {!r}
Potions
 d - 2 potions of might
 e - 3 potions of haste {@q3}
 h - 2 potions of resistance
 l - a potion of cancellation
 o - 11 potions of attraction {!q}
 C - 10 potions of heal wounds {@q2}
 E - 25 potions of curing {@q1}
 J - 9 potions of magic
 L - 8 potions of ambrosia
Miscellaneous
 O - a phial of floods
 Q - a tin of tremorstones (2/2)
 U - a box of beasts


   Skills:
 O Level 27 Fighting
 - Level 16.0 Maces & Flails
 - Level 15.0 Throwing
 O Level 27 Armour
 - Level 9.0 Dodging
 + Level 21.3 Shields
 - Level 24.0 Invocations
 - Level 15.0 Evocations


You had 26 spell levels left.
You didn't know any spells.
Your spell library contained the following spells:

 Spells                   Type           Power      Damage    Failure   Level
 Apportation              Tloc           0%         N/A       87%         1
 Beastly Appendage        Tmut           0%         N/A       87%         1
 Freeze                   Ice            0%         1d3       87%         1
 Kiss of Death            Conj/Necr      0%         2d5       87%         1
 Magic Dart               Conj           0%         1d3       87%         1
 Necrotise                Necr           0%         1d4       87%         1
 Shock                    Conj/Air       0%         1d3       87%         1
 Sting                    Tmut/Pois      0%         1d3       87%         1
 Summon Small Mammal      Summ           0%         N/A       87%         1
 Blink                    Tloc           0%         N/A       95%         2
 Call Imp                 Summ           0%         N/A       95%         2
 Poisonous Vapours        Pois/Air       0%         N/A       95%         2
 Scorch                   Fire           0%         2d5       95%         2
 Static Discharge         Conj/Air       0%         2-2/arc   95%         2
 Wereblood                Tmut           0%         N/A       95%         2
 Dazzling Flash           Conj/Hex       0%         N/A       99%         3
 Frozen Ramparts          Ice            0%         1d1       99%         3
 Hailstorm                Conj/Ice       0%         3d3       99%         3
 Ignite Poison            Fire/Tmut/Pois 0%         N/A       99%         3
 Mephitic Cloud           Conj/Pois/Air  0%         N/A       99%         3
 Ozocubu's Armour         Ice            0%         N/A       99%         3
 Portal Projectile        Hex/Tloc       0%         N/A       99%         3
 Spider Form              Tmut/Pois      0%         N/A       99%         3
 Stone Arrow              Conj/Erth      0%         3d7       99%         3
 Summon Guardian Golem    Hex/Summ       0%         N/A       99%         3
 Swiftness                Air            0%         N/A       99%         3
 Vhi's Electric Charge    Tloc/Air       0%         N/A       99%         3
 Volatile Blastmotes      Fire/Tloc      0%         2d10      99%         3
 Airstrike                Air            0%         2d(0-16)  100%        4
 Animate Armour           Summ/Erth      0%         N/A       100%        4
 Animate Dead             Necr           0%         N/A       100%        4
 Flame Wave               Conj/Fire      0%         2d4       100%        4
 Fulminant Prism          Conj/Hex       0%         3d5       100%        4
 Ice Form                 Ice/Tmut       0%         N/A       100%        4
 Iskenderun's Mystic Bla  Conj/Tloc      0%         2d3       100%        4
 Manifold Assault         Tloc           0%         N/A       100%        4
 Olgreb's Toxic Radiance  Pois           0%         N/A       100%        4
 Passage of Golubria      Tloc           0%         N/A       100%        4
 Petrify                  Tmut/Erth      0%         N/A       100%        4
 Sticky Flame             Conj/Fire      0%         2d3       100%        4
 Summon Ice Beast         Ice/Summ       0%         N/A       100%        4
 Summon Lightning Spire   Summ/Air       0%         N/A       100%        4
 Alistair's Intoxication  Tmut/Pois      0%         N/A       100%        5
 Arcjolt                  Conj/Air       0%         1d10      100%        5
 Blade Hands              Tmut           0%         N/A       100%        5
 Borgnjor's Vile Clutch   Necr/Erth      0%         N/A       100%        5
 Fireball                 Conj/Fire      0%         3d3       100%        5
 Freezing Cloud           Conj/Ice/Air   0%         6-21      100%        5
 Irradiate                Conj/Tmut      0%         3d11      100%        5
 Iskenderun's Battlesphe  Conj           0%         2d6       100%        5
 Lee's Rapid Deconstruct  Erth           0%         3d4*      100%        5
 Metabolic Englaciation   Hex/Ice        0%         N/A       100%        5
 Summon Forest            Summ/Tloc      0%         N/A       100%        5
 Conjure Ball Lightning   Conj/Air       0%         3x3d6     100%        6
 Dispersal                Tloc           0%         N/A       100%        6
 Eringya's Noxious Bog    Tmut/Pois      0%         N/A       100%        6
 Iron Shot                Conj/Erth      0%         9d1       100%        6
 Plasma Beam              Fire/Air       0%         2x1d11    100%        6
 Simulacrum               Ice/Necr       0%         N/A       100%        6
 Summon Cactus Giant      Summ           0%         N/A       100%        6
 Dragon Form              Tmut           0%         N/A       100%        7
 Haunt                    Necr/Summ      0%         N/A       100%        7
 Orb of Destruction       Conj           0%         9d5       100%        7
 Ozocubu's Refrigeration  Ice            0%         4d7       100%        7
 Spellforged Servitor     Conj/Summ      0%         N/A       100%        7
 Storm Form               Tmut/Air       0%         N/A       100%        7
 Summon Hydra             Summ           0%         N/A       100%        7
 Discord                  Hex            0%         N/A       100%        8
 Disjunction              Tloc           0%         N/A       100%        8
 Infestation              Necr           0%         N/A       100%        8
 Lehudib's Crystal Spear  Conj/Erth      0%         10d2      100%        8
 Maxwell's Capacitive Co  Air            0%         ∞         100%        8
 Statue Form              Tmut/Erth      Unusable   N/A       N/A         6

Dungeon Overview and Level Annotations

Branches:
Dungeon (15/15)            Temple (1/1) D:5            Lair (5/5) D:8
 Shoals (4/4) Lair:2        Snake (4/4) Lair:3        Slime (5/5) Lair:4
    Orc (2/2) D:12            Elf (3/3) Orc:2        Vaults (5/5) D:14
  Crypt (3/3) Vaults:2       Tomb (0/3) Crypt:3      Depths (4/4) D:15
   Hell (visited)             Dis (0/7) Hell            Geh (1/7) Hell
    Coc (7/7) Hell            Tar (0/7) Hell            Zot (5/5) Depths:4
 Bailey (visited)          WizLab (visited)

Altars:
Ashenzari
Cheibriados
Dithmenos
Elyvilon
Fedhas
Gozag
Hepliaklqana
Kikubaaqudgha
Makhleb
Nemelex Xobeh
Okawaru
Qazlal
Ru
Sif Muna
Trog
Uskayaw
Vehumet
Wu Jian
Xom
Yredelemnul
Zin
The Shining One
Jiyva

Shops:
D:12 :   Orc:1 [   Orc:2 *[(=   Elf:1 :=   Elf:2 *   Snake:1 *   Snake:3 !
Vaults:2 (   Vaults:3 (   Vaults:4 (   Depths:1 [*

Portals:
Hell: Depths:1 Depths:2 Depths:3 Depths:4
Abyss: Depths:2 Depths:3 Depths:4
Pandemonium: Depths:2 Depths:3
Ziggurat: Depths:4

Annotations:
D:5 1 runed translucent door, Crazy Yiuf, Duvessa
Lair:2 exclusion: oklob plant
Lair:4 exclusion: oklob plant
Coc:7 Antaeus
Zot:2 1 runed translucent door, Juzit's ghost, legendary GnFi


Innate Abilities, Weirdness & Mutations

You are immune to sickness and miasma.
Your stone body is resilient. (AC +20)
You are immune to poison.
Your large and strong wings let you fly.
You resist negative energy. (rN+)
You are resistant to electric shocks. (rElec)
You are resistant to unholy torment.
You are immune to petrification.
You have a pair of small antennae on your head.
You have sharp fingernails.
You have large cloven feet.
You are clumsy. (Dex -2)
Your body sometimes deteriorates upon taking damage.
You are dopey. (Int -2)
You are strong-willed. (Will+)
You have hidden genetic potential.
You occasionally lose the ability to drink potions when taking damage.


Message History

You block the Orb Guardian's attack.
You spit the orb of fire like a pig!!!
You destroy the orb of fire!
You feel magic returning to you.
You feel a bond with your +9 spectral eveningstar.
a - a +9 spectral eveningstar (weapon)
The Orb Guardian hits you but does no damage. x2
You hit the Orb Guardian but do no damage.
The Orb Guardian is moderately wounded.
Your +9 spectral eveningstar hits the Orb Guardian!!
You puncture the Orb Guardian!
The Orb Guardian is severely wounded.
Your +9 spectral eveningstar hits the Orb Guardian!!
You kill the Orb Guardian!
The Orb Guardian hits you but does no damage.
You feel your strength returning.
You beat the Orb Guardian like a drum!!!
The Orb Guardian is severely wounded.
Your +9 spectral eveningstar hits the Orb Guardian!
The Orb Guardian hits you but does no damage.
You skewer the Orb Guardian like a kebab!!!
You kill the Orb Guardian!
Your +9 spectral eveningstar disappears.
You start resting.
An ancient lich comes into view.
You start resting.
You sense a monster nearby.
Your extra speed is starting to run out.
Your +9 sacred scourge of holy wrath softly glows with a divine radiance!
b - a +9 sacred scourge of holy wrath (weapon)
The ancient lich casts a spell at you. The crystal spear hits you!!!!
* * * LOW HITPOINT WARNING * * *
Your +9 sacred scourge of holy wrath stops glowing.
You feel magic leave you.
w - a +8 antimagic eveningstar (weapon)
The ancient lich gestures at you while chanting.
The crystal spear hits you!!!!
You feel threatened and lose the ability to drink potions!
You die...

▓...............^......▓▓
......................▓▓
▓.L............^.......▓▓
▓.......................▓▓
▓........................▓
#.^.........)............▓
##......................▓▓
##▓.........^..L[.....▓▓
▓▓▓▓.........@^....▓▓
#▓▓▓▓▓▓▓▓▓▓▓##.....▓▓
###..)........[.......#*
#....##...............^#*
...###.......^..........#*
.)###.....^..............*
.## #....................*
.# #...^................*
## #....................*


You could see an ancient lich.

Vanquished Creatures
  the Royal Jelly (Slime:5)
  An ancient lich (Abyss:4)
  2 dread liches (Zot:5)
  4 orbs of fire (Zot:5)
  Mara (Elf:3)
  2 juggernauts
  A royal mummy (Crypt:3)
  3 Killer Klowns
  22 shard shrikes
  Saint Roka (Vaults:3)
  7 golden dragons
  5 curse toes
  Geryon (Hell)
  3 caustic shrikes
  A profane servitor (Crypt:2)
  2 hellephants
  Zenata (Elf:3)
  An electric golem (Zot:5)
  Rupert (Lair:4)
  10 tentacled monstrosities
  22 Orb Guardians (Zot:5)
  12 liches
  19 Ice Fiends
  3 walking frostbound tomes
  A searing wretch (Geh:1)
  2 deep elf blademasters (Elf:3)
  Murray (Hell)
  2 deep elf master archers (Elf:3)
  7 quicksilver dragons
  13 titans
  6 tentacled starspawn
  5 sphinxes
  A kraken (Shoals:2)
  3 Executioners (Abyss:4)
  4 death cobs
  22 acid blobs
  8 tengu reavers
  The ghost of Dittersdorf the Severer, an adept MiBe of Trog (Snake:4)
  2 ancient champions
  7 draconian monks
  12 shadow dragons
  11 storm dragons
  5 nagarajas
  2 revenants
  7 narguns
  9 draconian knights
  12 azure jellies
  9 deep elf sorcerers
  8 rockslimes
  10 fire giants
  15 vault wardens
  11 frost giants
  3 iron dragons
  3 curse skulls
  2 ghost moths
  5 draconian scorchers
  A draconian shifter (Zot:1)
  7 balrugs
  2 deep elf elementalists (Elf:3)
  Aizul (Elf:1)
  5 shard shrike simulacra
  5 draconian annihilators
  6 quicksilver oozes (Slime:5)
  2 orc warlords
  8 ghouls
  2 cacodemons
  8 draconian stormcallers
  27 very ugly things
  11 ironbound preservers
  2 war gargoyles
  6 reapers
  A juggernaut skeleton (Depths:1)
  2 spriggan defenders
  21 stone giants
  2 caustic shrike skeletons
  6 ironbound thunderhulks
  11 vampire knights
  9 green draconians
  7 deep elf demonologists (Elf:3)
  6 dire elephants
  A putrid mouth (Hell)
  12 black draconians
  9 white draconians
  Nessos (D:15)
  34 elemental wellsprings
  9 deep elf annihilators
  2 lorocyprocas
  8 wendigos
  2 dire elephants (shapeshifter)
  15 purple draconians
  9 red draconians
  17 yellow draconians
  9 spark wasps
  A bunyip (Abyss:4)
  3 eidola
  3 merfolk javelineers
  4 statues (WizLab)
  10 deep elf death magi
  2 blizzard demons (Hell)
  7 fire dragons
  2 iron golems (Hell)
  Josephine (D:13)
  5 mummy priests (Crypt:3)
  2 pearl dragon zombies (Crypt:2)
  4 merfolk impalers
  21 jiangshi
  13 ettins
  5 spriggan zombies
  13 yaktaur captains
  A hydra (Lair:3)
  A kraken zombie (Hell)
  6 deep elf high priests
  10 ice dragons
  7 great orbs of eyes
  27 vault guards
  5 caustic shrike simulacra
  8 rakshasas
  A hell beast (Depths:2)
  5 salamander tyrants
  5 spriggan air magi
  A peacekeeper (Vaults:4)
  2 spriggan skeletons
  3 merfolk avatars
  2 ogre magi
  8 juggernaut simulacra
  3 catoblepae
  7 boulder beetles
  5 ironbound frosthearts
  5 anacondas
  3 two-headed ogres
  24 dancing weapons
  An alligator snapping turtle (Shoals:4)
  10 centaur warriors
  2 death knights
  5 tengu warriors
  A satyr (Shoals:2)
  6 merfolk aquamancers
  A two-headed ogre (shapeshifter) (Vaults:5)
  7 deep troll shamans
  A death yak (shapeshifter) (Depths:3)
  8 deep troll earth magi
  14 naga warriors
  6 hell hogs
  9 naga sharpshooters
  17 hell knights
  10 vampire magi
  4 thrashing horrors
  6 orc high priests
  11 sun demons
  11 deep elf knights
  4 spriggan berserkers
  7 shock serpents
  15 skeletal warriors
  8 soul eaters
  A storm dragon zombie (Hell)
  4 sixfirhies
  2 wretched stars (Abyss:4)
  2 quicksilver dragon simulacra (Coc:2)
  A spatial maelstrom (Abyss:3)
  10 sea snakes
  5 shadow wraiths
  8 iron trolls
  4 skysharks
  7 salamander mystics (Snake:4)
  An anaconda zombie (Hell)
  A bunyip zombie (Crypt:2)
  35 deep trolls
  3 goliath frogs (Lair:5)
  2 sun moths (Shoals:2)
  7 glowing orange brains
  A shadow demon (Hell)
  6 flayed ghosts
  9 naga ritualists
  4 spriggan simulacra
  7 harpies
  13 deep elf archers
  A bunyip skeleton (Hell)
  12 bog bodies
  2 orange crystal statues (Zot:2)
  8 lindwurms
  Pikel (D:8)
  8 phantasmal warriors
  9 ironbound convokers
  A steelbarb worm (shapeshifter) (Vaults:5)
  11 wizards
  2 anaconda skeletons
  7 orc knights
  A goliath frog zombie (Crypt:2)
  28 deep elf zephyrmancers
  A harpy (shapeshifter) (Depths:3)
  14 necromancers
  7 orc sorcerers
  14 deep elf pyromancers
  2 stone giant zombies
  21 fauns
  33 ugly things
  6 oklob plants
  A will-o-the-wisp (Abyss:1)
  2 worldbinders (Abyss:4)
  A shining eye (shapeshifter) (Vaults:5)
  5 mana vipers
  15 salamanders
  9 elephants
  16 moths of wrath
  2 cyclopes
  18 manticores
  5 shining eyes
  8 guardian serpents
  A dire elephant zombie (Hell)
  A stone giant skeleton (Crypt:3)
  2 ice statues (Hell)
  Joseph (D:8)
  7 merfolk sirens
  48 black mambas
  2 fire giant skeletons (Depths:1)
  A guardian serpent (shapeshifter) (Vaults:5)
  2 centaur zombies
  3 rust devils
  5 titan simulacra
  16 vault sentinels
  2 eyes of devastation (Depths:4)
  A gargoyle (D:12)
  9 naga magi
  A demonic crawler (Hell)
  A red draconian zombie (Crypt:1)
  9 water nymphs
  4 apis skeletons (Crypt:2)
  3 unseen horrors
  18 cane toads
  7 smoke demons
  A cane toad (shapeshifter) (Depths:3)
  An orange demon (Abyss:2)
  A sea snake zombie (Hell)
  4 freezing wraiths
  39 yaktaurs
  2 efreet
  A death yak zombie (Crypt:2)
  A kobold demonologist (Elf:1)
  2 rime drakes (Lair:4)
  5 tormentors
  Maggie (D:8)
  6 anaconda simulacra
  6 komodo dragons
  10 hellions
  A yaktaur (shapeshifter) (D:11)
  19 tengu conjurers
  33 guardian mummies
  An iron giant simulacrum (Coc:6)
  A golden dragon simulacrum (Coc:6)
  4 harpy zombies (Shoals:4)
  5 hellwings
  A tyrant leech (Lair:5)
  7 ancient zymes
  2 red devils
  13 trolls
  4 wind drakes
  A shadow dragon simulacrum (Coc:1)
  A wind drake (shapeshifter) (D:15)
  8 hornets
  2 polar bears
  3 hydra zombies (Hell)
  31 merfolk
  2 harpy skeletons
  11 raiju
  A culicivora zombie (Crypt:3)
  Prince Ribbit (D:8)
  An ettin zombie (Crypt:1)
  A sphinx simulacrum (Depths:1)
  9 dream sheep
  8 snapping turtles
  2 stone giant simulacra
  A meliai zombie (Crypt:1)
  61 slime creatures
  A satyr zombie (Crypt:1)
  A fire dragon zombie (Crypt:3)
  A radroach zombie (Crypt:2)
  26 blink frogs
  3 ice dragon skeletons (Crypt:1)
  2 flying skulls (Abyss:4)
  2 centaur simulacra
  6 spriggans
  An air elemental (Elf:3)
  A shadow (Abyss:1)
  4 wyverns
  6 dire elephant simulacra
  37 yaks
  A naga simulacrum (Coc:4)
  4 vampires
  12 wraiths
  12 water elementals
  4 ynoxinuls
  2 fire bats
  6 ushabtiu (Crypt:3)
  4 neqoxecs
  2 steam dragons
  10 golden eyes
  5 basilisks
  3 chaos spawn
  12 vampire mosquitoes
  44 large abominations
  13 harpy simulacra
  3 wargs
  47 nagas
  3 naga zombies
  4 hell hounds (Hell)
  2 hydra simulacra
  A spatial vortex (Abyss:3)
  13 water moccasins
  A naga skeleton (Abyss:4)
  3 floating eyes
  36 orc warriors
  A black bear (D:8)
  A manticore zombie (Shoals:4)
  2 sky beasts
  A merfolk simulacrum (Coc:1)
  3 ice beasts
  A cane toad skeleton (Crypt:3)
  4 ettin simulacra
  6 ogres
  A boggart (Elf:1)
  3 lemures (D:8)
  A wolf (Lair:5)
  A snapping turtle zombie (Crypt:1)
  10 centaurs
  4 phantoms
  18 small abominations
  A fire crab zombie (Crypt:3)
  A rime drake skeleton (Crypt:3)
  4 necrophages
  19 bullfrogs
  5 scorpions
  An earth elemental (Elf:2)
  18 wights
  Dowan (D:5)
  A troll zombie (Crypt:2)
  A raiju zombie (Crypt:2)
  11 killer bees
  6 howler monkeys
  A shapeshifter skeleton (Crypt:1)
  22 jellies
  4 electric eels
  A quasit (Abyss:1)
  3 hounds
  10 orc priests
  5 sleepcaps
  2 gnoll boudas
  2 iron imps
  55 starcursed masses
  Natasha (D:3)
  An iguana (D:5)
  21 orc wizards
  19 hell rats
  A boggart skeleton (Crypt:3)
  2 lightning spires (Zot:2)
  An acid dragon skeleton (Crypt:1)
  9 mummies
  8 gnolls
  14 river rats (Lair:2)
  9 adders
  A shadow imp (D:5)
  6 white imps
  2 ufetubi (Abyss:4)
  An iguana zombie (Crypt:3)
  A lava snake skeleton (Crypt:3)
  3 dart slugs
  89 orcs
  2 bat zombies
  9 endoplasms
  4 giant cockroaches
  4 hobgoblins
  5 kobolds
  7 quokkas
  4 ball pythons
  9 bats
  3 frilled lizards
  12 goblins
  14 rats
  A creeping inferno (Hell)
  5 fire vortices (Hell)
  A lurking horror (Abyss:2)
  2 starspawn tentacles
  8 tentacles (Shoals:2)
2731 creatures vanquished.

Vanquished Creatures (collateral kills)
  A shard shrike (Coc:6)
  A caustic shrike (Depths:2)
  2 quicksilver dragons (Snake:4)
  A death cob (Zot:4)
  A vault warden (Vaults:3)
  A balrug (Abyss:4)
  2 cacodemons (Abyss:4)
  A draconian stormcaller (Zot:4)
  An orc warlord (Orc:2)
  An ophan (Abyss:4)
  2 red draconians (Zot:2)
  2 yellow draconians
  A rakshasa (Abyss:4)
  A caustic shrike simulacrum (Coc:7)
  A hell knight (Hell)
  A wretched star (Abyss:4)
  A sun demon (Abyss:4)
  2 sixfirhies
  A glowing orange brain (Abyss:4)
  A flayed ghost (Abyss:4)
  An ironbound convoker (Vaults:5)
  An orc knight (Orc:2)
  A manticore (Shoals:4)
  2 ugly things (Depths:2)
  A shining eye (Slime:5)
  A worldbinder (Abyss:4)
  A smoke demon (Abyss:4)
  An orange demon (Abyss:4)
  A freezing wraith (Abyss:4)
  A hellion (Coc:6)
  A sea snake zombie (Hell)
  A red devil (Abyss:4)
  2 guardian mummies (Crypt:3)
  A hellwing (Abyss:4)
  2 raiju (Abyss:4)
  10 large abominations
  4 slime creatures (Abyss:4)
  A flying skull (Abyss:4)
  A dire elephant simulacrum (Coc:7)
  2 water elementals (Shoals:4)
  A fire elemental (Abyss:4)
  A neqoxec (Abyss:4)
  A golden eye (Abyss:4)
  4 small abominations
  A floating eye (Abyss:4)
  8 orc warriors
  A sky beast (Abyss:4)
  2 orc priests (Orc:2)
  A starcursed mass (Abyss:4)
  An ufetubus (Abyss:1)
  5 orcs (Orc:2)
87 creatures vanquished.

Vanquished Creatures (others)
  A nargun (Coc:7)
  A fire giant (Vaults:2)
  A very ugly thing (Depths:2)
  2 caustic shrike simulacra (Coc:7)
  A juggernaut simulacrum (Coc:6)
  A quicksilver dragon simulacrum (Coc:7)
  A deep elf pyromancer (Elf:2)
  An unseen horror (D:10)
  A hydra skeleton (Hell)
  A dire elephant simulacrum (Coc:6)
  A naga simulacrum (Coc:4)
  A golden eye (Abyss:4)
  A hydra simulacrum (Coc:7)
  An ettin simulacrum (Coc:7)
  A butterfly (Depths:1)
  4 foxfires (Abyss:1)
  25 spectral weapons
  13 starspawn tentacles
  21 tentacles
79 creatures vanquished.

Grand Total: 2897 creatures vanquished

Notes
Turn   | Place    | Note
-------+----------+-------------------------------------------
     0 | D:1      | Mahakala the Gargoyle Monk began the quest for the Orb.
     0 | D:1      | Reached XP level 1. HP: 14/14 MP: 1/1
    99 | D:1      | Reached XP level 2. HP: 10/19 MP: 2/2
   358 | D:1      | Reached XP level 3. HP: 24/24 MP: 3/3
  1043 | D:2      | Identified the +0 ring mail "Mubbopni" {Int+6 Dex+2 Stlth+}
  1107 | D:2      | Reached XP level 4. HP: 29/29 MP: 4/4
  1499 | D:3      | You fall into a shaft and drop 3 floors!
  1661 | D:6      | Noticed a bullfrog
  1674 | D:6      | Killed a bullfrog
  1675 | D:6      | Reached XP level 5. HP: 17/34 MP: 5/5
  1675 | D:6      | Noticed a water moccasin
  1695 | D:6      | Killed a water moccasin
  1696 | D:6      | Reached skill level 5 in Maces & Flails
  1696 | D:6      | Reached XP level 6. HP: 40/40 MP: 6/6
  1763 | D:5      | Entered Level 5 of the Dungeon
  1813 | D:4      | Reached skill level 5 in Fighting
  1840 | D:3      | Noticed Natasha
  1978 | D:3      | Found a snail-covered altar of Cheibriados.
  1978 | D:3      | Found an iron altar of Okawaru.
  2077 | D:3      | Killed Natasha
  2731 | D:4      | Identified the +1 robe of Kahoan {Harm rN++ Int-5}
  2843 | D:4      | Reached XP level 7. HP: 33/44 MP: 7/7
  3250 | D:5      | Found a staircase to the Ecumenical Temple.
  3256 | Temple   | Entered the Ecumenical Temple
  3307 | D:5      | Noticed Duvessa
  3307 | D:5      | Noticed Dowan
  3551 | D:6      | Found a hazy altar of Hepliaklqana.
  3570 | D:6      | Reached skill level 1 in Armour
  3700 | D:6      | Reached XP level 8. HP: 41/51 MP: 8/8
  4176 | D:5      | Found a glowing golden altar of the Shining One.
  4179 | D:5      | Became a worshipper of the Shining One
  4179 | D:5      | Reached * piety under the Shining One
  4179 | D:5      | Reached ** piety under the Shining One
  4262 | D:5      | Found a runed translucent door.
  4263 | D:5      | Noticed Crazy Yiuf
  4324 | D:5      | Killed Dowan
  4571 | D:6      | Found a burning altar of Makhleb.
  4788 | D:6      | Found a glowing silver altar of Zin.
  4932 | D:6      | Found a blossoming altar of Fedhas.
  5289 | D:6      | Reached skill level 1 in Invocations
  5590 | D:6      | Reached XP level 9. HP: 38/55 MP: 10/10
  5794 | D:7      | Found a radiant altar of Vehumet.
  5882 | D:7      | Reached skill level 10 in Maces & Flails
  5974 | D:7      | Reached *** piety under the Shining One
  6814 | D:7      | Noticed an unseen horror
  6850 | D:7      | Killed an unseen horror
  7216 | D:7      | Noticed a gargoyle
  7271 | D:8      | Found an ancient bone altar of Kikubaaqudgha.
  7293 | D:8      | Reached XP level 10. HP: 30/64 MP: 13/13
  7490 | D:8      | Identified the +1 chain mail of Leapfrog {rF+}
  7587 | D:8      | Noticed Maggie
  7611 | D:8      | Killed Maggie
  7612 | D:8      | Reached skill level 5 in Invocations
  7762 | D:8      | Noticed Joseph
  7784 | D:8      | Killed Joseph
  7822 | D:8      | Noticed Pikel
  7839 | D:8      | Noticed Prince Ribbit
  7863 | D:8      | Killed Pikel
  7878 | D:8      | Killed Prince Ribbit
  8130 | D:8      | Identified the +1 chain mail of the Hanged Man {rN+ MP+9
                  | Int+4}
  8257 | D:8      | Found a staircase to the Lair.
  8879 | D:9      | Reached skill level 5 in Armour
  9223 | D:9      | Found a white marble altar of Elyvilon.
  9279 | D:9      | Found a basalt altar of Yredelemnul.
  9344 | D:9      | Noticed a white ugly thing
  9366 | D:9      | Killed a white ugly thing
  9367 | D:9      | Reached XP level 11. HP: 13/68 MP: 9/15
 10025 | D:10     | Entered Level 10 of the Dungeon
 10030 | D:10     | Found a flagged portal.
 10046 | Bailey   | Entered a bailey
 10553 | Bailey   | Noticed an orc knight
 10570 | Bailey   | Killed an orc knight
 10573 | Bailey   | Identified the +11 arbalest of the Blushing Fox {penet,
                  | *Slow Will+ Str+3 Int+8}
 10946 | D:10     | Found a shimmering blue altar of Sif Muna.
 11465 | D:10     | Found a sparkling altar of Nemelex Xobeh.
 11640 | D:10     | Found a shimmering altar of Xom.
 11690 | D:10     | Found a hide-covered altar of Uskayaw.
 11848 | Lair:1   | Entered Level 1 of the Lair of Beasts
 13309 | Lair:1   | Reached skill level 10 in Armour
 13309 | Lair:1   | Reached XP level 12. HP: 56/76 MP: 18/18
 13481 | Lair:2   | Noticed a catoblepas
 13518 | Lair:2   | Killed a catoblepas
 13704 | Lair:2   | Reached skill level 10 in Fighting
 13719 | Lair:2   | Reached **** piety under the Shining One
 13831 | Lair:2   | Found a staircase to the Shoals.
 14408 | Lair:2   | Noticed a skyshark
 14424 | Lair:2   | Killed a skyshark
 15451 | Lair:3   | Noticed a seven-headed hydra
 15467 | Lair:3   | Killed a seven-headed hydra
 15800 | Lair:3   | Reached skill level 1 in Throwing
 16414 | Lair:3   | Noticed a boulder beetle
 16421 | Lair:3   | Reached XP level 13. HP: 84/84 MP: 19/19
 16719 | Lair:3   | Identified the +1 scale mail "Woghah" {rElec rN+ Str+4
                  | SInv}
 16803 | Lair:3   | Found a staircase to the Snake Pit.
 17104 | Lair:4   | Found a runed translucent door.
 17727 | Lair:4   | Noticed Rupert
 17879 | Lair:5   | Entered Level 5 of the Lair of Beasts
 18143 | Lair:5   | Reached skill level 5 in Throwing
 18790 | Lair:5   | Reached skill level 15 in Armour
 19095 | Lair:5   | Gained mutation: Your large and strong wings let you fly.
                  | [Gargoyle growth]
 19095 | Lair:5   | Reached XP level 14. HP: 68/92 MP: 7/20
 20828 | D:12     | Found Suat's Book Shop.
 21946 | D:12     | Found a staircase to the Orcish Mines.
 22054 | D:11     | Reached skill level 5 in Dodging
 22336 | D:12     | Reached skill level 10 in Invocations
 23528 | D:13     | Noticed Josephine
 23554 | D:13     | Reached skill level 1 in Evocations
 23559 | D:13     | Killed Josephine
 24654 | D:14     | Found a gate to the Vaults.
 24662 | D:14     | Reached XP level 15. HP: 87/101 MP: 23/23
 24978 | D:15     | Entered Level 15 of the Dungeon
 25272 | D:15     | Noticed Nessos
 25283 | D:15     | Killed Nessos
 25511 | Orc:1    | Entered Level 1 of the Orcish Mines
 25629 | Orc:1    | Paralysed by an orc sorcerer for 4 turns
 25640 | Orc:1    | Reached ***** piety under the Shining One
 25988 | Orc:2    | Entered Level 2 of the Orcish Mines
 26536 | Orc:1    | Found Pugutioq's Antique Armour Shoppe.
 26610 | Orc:2    | Found Errycut's Antique Weapon Boutique.
 27090 | Abyss:1  | Cast into level 1 of the Abyss (orc warrior)
 27282 | Abyss:1  | Found a corrupted altar of Lugonu.
 27311 | Abyss:1  | Noticed a lich
 27367 | Abyss:1  | Killed a lich
 27407 | Abyss:1  | Noticed a balrug
 27415 | Abyss:1  | Killed a balrug
 27447 | Orc:2    | Escaped the Abyss
 27578 | Orc:2    | Identified the +4 tower shield "Bemuth" {rC+}
 27651 | Orc:2    | Noticed an orc warlord
 27661 | Orc:2    | Reached skill level 15 in Fighting
 27668 | Orc:2    | Killed an orc warlord
 27781 | Orc:2    | Paralysed by an orc sorcerer for 3 turns
 27793 | Orc:2    | Reached skill level 5 in Evocations
 27816 | Orc:2    | Found Kuvoe's General Store.
 27847 | Orc:2    | Noticed an orc warlord
 27862 | Orc:2    | Killed an orc warlord
 27906 | Orc:2    | Found Gytaim's Antique Armour Emporium.
 27938 | Orc:2    | Found Helo's Jewellery Emporium.
 27948 | Orc:2    | Found a staircase to the Elven Halls.
 28542 | Snake:1  | Entered Level 1 of the Snake Pit
 28843 | Snake:1  | Found Etamenis's General Store.
 28968 | Snake:1  | Identified the +1 long sword of Obsession {antimagic, rElec
                  | rC++ Str-5 Int+3}
 29529 | Snake:2  | Reached XP level 16. HP: 102/108 MP: 25/25
 30996 | Snake:3  | Noticed a nagaraja
 31555 | Snake:3  | Got the Book of the Charming Coward
 31769 | Snake:3  | Found Wedel's Distillery.
 31770 | Snake:3  | Identified the +1 robe of Iskiasto {SInv Stlth+}
 31813 | Snake:3  | Killed a nagaraja
 33112 | Snake:4  | Entered Level 4 of the Snake Pit
 34049 | Snake:4  | Found a runed translucent door.
 34049 | Snake:4  | Noticed Dittersdorf's ghost (adept MiBe)
 34123 | Snake:4  | Killed Dittersdorf's ghost
 34317 | Snake:4  | Reached XP level 17. HP: 87/117 MP: 28/28
 35052 | Snake:4  | Reached skill level 15 in Invocations
 36314 | Snake:4  | Identified the +8 falchion of Charity {freeze, Stlth+}
 37180 | Snake:4  | Reached skill level 10 in Evocations
 37192 | Snake:4  | Noticed a quicksilver dragon
 37193 | Snake:4  | Noticed a quicksilver dragon
 37202 | Snake:4  | Killed a quicksilver dragon
 37204 | Snake:4  | Killed a quicksilver dragon
 37278 | Snake:4  | Got a serpentine rune of Zot
 37518 | Shoals:1 | Entered Level 1 of the Shoals
 39233 | Shoals:2 | Reached XP level 18. HP: 100/125 MP: 27/29
 39308 | Shoals:2 | Identified the amulet of Xom's Full Attention {Drain Fly
                  | Regen+ rCorr Str+6}
 41859 | Shoals:4 | Entered Level 4 of the Shoals
 43016 | Shoals:4 | Got a barnacled rune of Zot
 43546 | Lair:4   | Found a viscous altar of Jiyva.
 43546 | Lair:4   | Found a staircase to the Slime Pits.
 44091 | Lair:4   | Found a runed translucent door.
 44093 | Lair:4   | Found a viscous altar of Jiyva.
 44096 | Lair:4   | Found a staircase to the Slime Pits.
 44293 | Lair:4   | Killed Rupert
 44449 | Vaults:1 | Entered Level 1 of the Vaults
 44653 | Vaults:1 | Found a magical portal.
 44665 | WizLab   | Entered Iskenderun's Mystic Tower
 45537 | WizLab   | Reached XP level 19. HP: 134/134 MP: 31/31
 45986 | WizLab   | Got Iskenderun's Treatise on the Missiles
 45986 | WizLab   | Got Iskenderun's Discourse on the Volley
 50340 | Vaults:2 | Found a staircase to the Crypt.
 50547 | Vaults:2 | Found Gisuahac's Weapon Emporium.
 51764 | Vaults:3 | Noticed Saint Roka
 52167 | Vaults:3 | Killed Saint Roka
 52504 | Vaults:3 | Reached XP level 20. HP: 132/144 MP: 33/33
 53066 | Vaults:3 | Found Pijum's Antique Weapon Shoppe.
 56400 | Vaults:4 | Found Ketairas's Weapon Shop.
 56689 | Vaults:4 | Reached skill level 1 in Shields
 57407 | D:15     | Reached skill level 5 in Shields
 57636 | D:15     | Found a staircase to the Depths.
 57687 | D:15     | Identified the +0 fire dragon scales "Cogaerch" {Rampage
                  | rF++ rC-}
 57912 | Depths:1 | Entered Level 1 of the Depths
 57912 | Depths:1 | Found Gutru's Antique Armour Boutique.
 58343 | Depths:1 | Found a gateway to Hell.
 58464 | Depths:1 | Found a white marble altar of Elyvilon.
 58921 | Depths:1 | Found Muixunk's Demolitions Depot.
 58939 | Depths:1 | Bought a wand of digging (4) for 369 gold pieces
 58939 | Depths:1 | Bought a wand of roots (4) for 211 gold pieces
 60068 | Depths:2 | Reached XP level 21. HP: 122/152 MP: 34/34
 60375 | Depths:2 | Noticed a juggernaut
 60649 | Depths:2 | Reached skill level 10 in Shields
 60878 | Depths:2 | Found a one-way gate leading to the halls of Pandemonium.
 61052 | Depths:2 | Noticed a caustic shrike
 61066 | Depths:2 | Noticed a caustic shrike
 61067 | Depths:2 | Killed a caustic shrike
 61080 | Depths:2 | Killed a caustic shrike
 61099 | Depths:2 | Noticed a caustic shrike
 61352 | Depths:2 | Killed a caustic shrike
 63024 | Depths:2 | Killed a juggernaut
 63225 | Depths:2 | Noticed a golden dragon
 63247 | Depths:2 | Killed a golden dragon
 63851 | Depths:2 | Noticed a golden dragon
 63859 | Depths:2 | Killed a golden dragon
 64463 | Depths:2 | Found a one-way gate to the infinite horrors of the Abyss.
 65241 | Depths:2 | Reached skill level 15 in Shields
 65573 | Depths:3 | Noticed a golden dragon
 66165 | Depths:2 | Killed a golden dragon
 66577 | Depths:3 | Reached XP level 22. HP: 157/160 MP: 35/35
 67521 | Depths:3 | Noticed a caustic shrike
 67529 | Depths:3 | Killed a caustic shrike
 67530 | Depths:3 | Reached skill level 15 in Maces & Flails
 69016 | Depths:3 | Got Osaettu's Book of Planar Putrescence
 69068 | Depths:4 | Entered Level 4 of the Depths
 69387 | Depths:4 | Noticed a juggernaut
 69418 | Depths:4 | Killed a juggernaut
 69657 | Depths:4 | Found a one-way gateway to a ziggurat.
 71953 | Depths:4 | Found a gate to the Realm of Zot.
 72172 | Depths:4 | Paralysed by a floating eye for 2 turns
 72176 | Depths:4 | Paralysed by a floating eye for 3 turns
 72391 | Crypt:1  | Entered Level 1 of the Crypt
 72491 | Crypt:1  | Reached XP level 23. HP: 173/173 MP: 36/36
 72818 | Crypt:1  | You are sucked into a shaft and drop 1 floor!
 72818 | Crypt:2  | Reached ****** piety under the Shining One
 72910 | Crypt:2  | Identified a +7 sacred scourge of holy wrath (a +5 demon
                  | whip of flaming blessed by the Shining One)
 72910 | Crypt:2  | Received a gift from the Shining One
 73535 | Crypt:1  | Reached skill level 27 in Fighting
 74316 | Crypt:2  | Found a huge runed translucent gate.
 74316 | Crypt:2  | Found a huge runed translucent gate.
 74317 | Crypt:2  | Found a huge runed translucent gate.
 74317 | Crypt:2  | Found a huge runed translucent gate.
 74317 | Crypt:2  | Found a huge runed translucent gate.
 74317 | Crypt:2  | Found a huge runed translucent gate.
 74318 | Crypt:2  | Found a huge runed translucent gate.
 74318 | Crypt:2  | Found a huge runed translucent gate.
 74318 | Crypt:2  | Found a huge runed translucent gate.
 74480 | Crypt:2  | Got the Thoughts on Arcane Weapons
 74567 | Crypt:2  | Found a basalt altar of Yredelemnul.
 74694 | Crypt:3  | Entered Level 3 of the Crypt
 75357 | Crypt:3  | Found a staircase to the Tomb.
 75915 | Crypt:3  | Noticed a royal mummy
 75943 | Crypt:3  | Killed a royal mummy
 75944 | Crypt:3  | Reached XP level 24. HP: 126/181 MP: 21/38
 76097 | Crypt:3  | Identified the +7 dagger "Qegaulax" {holy, rC+}
 76546 | Crypt:3  | Found the ring of the Mage {Wiz Archmagi}
 77101 | Elf:1    | Entered Level 1 of the Elven Halls
 77101 | Elf:1    | Noticed Aizul
 77123 | Elf:1    | Killed Aizul
 77250 | Elf:1    | Found Naafedgh's Jewellery Shoppe.
 77393 | Elf:1    | Found Sepow's Tremendous Tomes.
 77878 | Elf:1    | Identified the staff of death "Jugomn" {rPois rC+ rN+ Will+
                  | Stlth+}
 78502 | Elf:2    | Found a runed translucent gate.
 78502 | Elf:2    | Found a runed translucent gate.
 78502 | Elf:2    | Found a runed translucent gate.
 78775 | Elf:2    | Found Ydul's General Store.
 79605 | Elf:3    | Entered Level 3 of the Elven Halls
 79858 | Elf:3    | Found a radiant altar of Vehumet.
 79891 | Elf:3    | Noticed Mara
 79899 | Elf:3    | Noticed Mahakala's illusion
 80059 | Elf:3    | Noticed Mahakala's illusion
 80365 | Elf:3    | Killed Mara
 81281 | Elf:3    | Identified the ring "Lanidun" {rC+ Str+5 SInv Stlth+}
 81467 | Elf:3    | Identified the +3 halberd of Grandeur {freeze, Str+3}
 81611 | Elf:3    | Noticed Zenata
 81639 | Elf:3    | Killed Zenata
 81647 | Elf:3    | Got Sataz's Histories of Mysteries Continued
 81650 | Elf:3    | Got the Dissertation on the Snowy Jaunt
 81653 | Elf:3    | Identified the +0 pair of gloves of Conscience {rElec
                  | Stlth+}
 81669 | Elf:3    | Identified the staff of poison "Riqyipp" {rPois Will- Str+3
                  | Dex+3}
 81676 | Elf:3    | Identified the staff of earth "Pegeti" {rC+}
 82143 | Vaults:5 | Entered Level 5 of the Vaults
 82154 | Vaults:5 | Reached XP level 25. HP: 149/187 MP: 12/38
 82194 | Vaults:5 | Reached skill level 10 in Throwing
 83034 | Vaults:5 | Identified 2 scrolls of acquirement
 83791 | Vaults:5 | Identified the +5 great sword of Annoyance {heavy, rC+}
 83967 | Vaults:5 | Got a silver rune of Zot
 83978 | Vaults:5 | Got the Vademecum on Familiar Bolts
 84152 | Vaults:5 | Got the Handbook of Ignition and Evil Magic
 84196 | Vaults:5 | Identified the +9 pearl dragon scales of the Trees {rN+
                  | Int+3}
 84923 | Depths:2 | Acquired the ring "Ohuasupu" {Fly rElec rF- Will++ Slay+4}
 84950 | Depths:2 | Voluntarily entered the Abyss.
 85006 | Abyss:1  | Found a corrupted altar of Lugonu.
 85026 | Abyss:1  | Found a corrupted altar of Lugonu.
 85077 | Abyss:1  | Found a corrupted altar of Lugonu.
 85195 | Abyss:1  | Paralysed by accursed screaming for 1 turns
 85361 | Abyss:2  | Found a corrupted altar of Lugonu.
 85943 | Abyss:4  | Paralysed by accursed screaming for 1 turns
 85947 | Abyss:4  | Paralysed by accursed screaming for 2 turns
 86134 | Abyss:4  | Noticed an ancient lich
 86142 | Abyss:4  | Killed an ancient lich
 86178 | Abyss:4  | Reached XP level 26. HP: 134/193 MP: 38/38
 86266 | Abyss:4  | Paralysed by accursed screaming for 1 turns
 86290 | Abyss:4  | Gained mutation: You are clumsy. (Dex -2) [a cacodemon]
 86402 | Abyss:4  | Got an abyssal rune of Zot
 86615 | Depths:2 | Escaped the Abyss
 87247 | Slime:1  | Entered Level 1 of the Pits of Slime
 87263 | Slime:1  | Gained mutation: You are dopey. (Int -2) [a shining eye]
 87397 | Slime:1  | Gained mutation: Potions are less effective at restoring
                  | your health. [a shining eye]
 87398 | Slime:1  | Gained mutation: You are very dopey. (Int -4) [a shining
                  | eye]
 87481 | Slime:2  | Gained mutation: Potions cannot restore your health. [a
                  | shining eye]
 87483 | Slime:2  | Gained mutation: You have hidden genetic potential. [a
                  | shining eye]
 87891 | Slime:5  | Entered Level 5 of the Pits of Slime
 87909 | Slime:5  | Noticed the Royal Jelly
 88290 | Slime:5  | Killed the Royal Jelly
 88480 | Slime:5  | Identified the ring of Tidghoc {rElec Dex+6}
 88499 | Slime:5  | Got a slimy rune of Zot
 88500 | Slime:5  | Identified the ring of Ocoicown {rElec MP+9 Str-5 Dex+3}
 88552 | Slime:5  | Identified the +9 broad axe "Zeuwkoj" {protect, Dex+4}
 88649 | Slime:5  | Identified the staff of death "Rudamp" {rN+ Dex+7}
 88651 | Slime:5  | Identified the +4 quarterstaff of Wariness {antimagic,
                  | Drain rPois rN+ Dex+2}
 89312 | Vaults:2 | Bought 6 silver javelins for 594 gold pieces
 90215 | Hell     | Entered the Vestibule of Hell
 90215 | Hell     | Noticed Geryon
 90228 | Hell     | Killed Geryon
 90366 | Hell     | Noticed Murray
 90377 | Hell     | Killed Murray
 90454 | Hell     | Found a gateway to the freezing wastes of Cocytus.
 90577 | Hell     | Found a gateway to the ashen valley of Gehenna.
 91225 | Hell     | Found a gateway to the Iron City of Dis.
 91344 | Hell     | Found a gateway to the decaying netherworld of Tartarus.
 91357 | Hell     | Reached XP level 27. HP: 197/199 MP: 39/39
 91440 | Coc:1    | Entered Level 1 of Cocytus
 91792 | Coc:2    | Reached skill level 15 in Evocations
 92312 | Coc:4    | Gained mutation: You have very sharp teeth. [hidden
                  | potential]
 92534 | Coc:5    | You are sucked into a shaft and drop 1 floor!
 92929 | Coc:7    | Entered Level 7 of Cocytus
 94055 | Coc:7    | Identified the +4 arbalest of Vopu Uwn {flame, Fragile
                  | Str+2 Dex+5}
 94173 | Coc:7    | Paralysed by a wendigo for 1 turns
 94402 | Coc:7    | Noticed Antaeus
 94807 | Coc:7    | Identified the +3 tower shield of Shadows and Fog {rElec
                  | rN+ Dex+2}
 94841 | Coc:7    | Got an icy rune of Zot
 95400 | Geh:1    | Entered Level 1 of Gehenna
 95925 | Zot:1    | Entered Level 1 of the Realm of Zot
 96249 | Zot:1    | Lost mutation: You are clumsy. (Dex -2) [hidden potential]
 96249 | Zot:1    | Lost mutation: You have hidden genetic potential. [hidden
                  | potential expressed]
 97044 | Zot:1    | Identified the amulet "Laucrogi" {RegenMP rElec Int+2
                  | Dex+3}
 97762 | Zot:2    | Reached skill level 15 in Throwing
 99182 | Vaults:1 | Lost mutation: Potions cannot restore your health. [potion
                  | of mutation]
 99182 | Vaults:1 | Lost mutation: You have very sharp teeth. [potion of
                  | mutation]
 99182 | Vaults:1 | Lost mutation: Potions are less effective at restoring your
                  | health. [potion of mutation]
 99182 | Vaults:1 | Gained mutation: You have a pair of small antennae on your
                  | head. [potion of mutation]
 99182 | Vaults:1 | Gained mutation: You are frail. (-10% HP) [potion of
                  | mutation]
 99182 | Vaults:1 | Gained mutation: Your flesh is cold resistant. (rC+)
                  | [potion of mutation]
 99183 | Vaults:1 | Lost mutation: Your flesh is cold resistant. (rC+) [potion
                  | of mutation]
 99183 | Vaults:1 | Lost mutation: You are very dopey. (Int -4) [potion of
                  | mutation]
 99183 | Vaults:1 | Lost mutation: You are frail. (-10% HP) [potion of
                  | mutation]
 99183 | Vaults:1 | Gained mutation: You have hidden genetic potential. [potion
                  | of mutation]
 99183 | Vaults:1 | Gained mutation: You are strong-willed. (Will+) [potion of
                  | mutation]
 99183 | Vaults:1 | Gained mutation: You have large cloven feet. [potion of
                  | mutation]
 99657 | Zot:2    | Found a runed translucent door.
 99657 | Zot:2    | Noticed Juzit's ghost (legendary GnFi)
103859 | Zot:5    | Entered Level 5 of the Realm of Zot
104464 | Zot:5    | Reached skill level 27 in Armour
104705 | Zot:5    | Noticed an orb of fire
104714 | Zot:5    | Gained mutation: Your body sometimes deteriorates upon
                  | taking damage. [an orb of fire]
104724 | Zot:5    | Killed an orb of fire
105238 | Zot:5    | Noticed a dread lich
105307 | Zot:5    | Killed a dread lich
105439 | Zot:5    | Noticed an orb of fire
105440 | Zot:5    | Noticed a dread lich
105445 | Zot:5    | Gained mutation: You occasionally lose the ability to drink
                  | potions when taking damage. [an orb of fire]
105451 | Zot:5    | Gained mutation: You are clumsy. (Dex -2) [an orb of fire]
105459 | Zot:5    | Killed an orb of fire
105480 | Zot:5    | Killed a dread lich
105616 | Zot:5    | Noticed an orb of fire
105635 | Zot:5    | Killed an orb of fire
105832 | Zot:5    | Gained mutation: You have sharp fingernails. [hidden
                  | potential]
106187 | Zot:5    | Noticed an orb of fire
106203 | Zot:5    | Killed an orb of fire
106220 | Zot:5    | Noticed an ancient lich
106246 | Zot:5    | Killed from afar by an ancient lich

Illustrated notes

Levels and vault maps discovered:
D:1:      dpeg_arrival_orchard, layout_basic
D:2:      layout_loops_ring
D:3:      minmay_wonky_spiral, layout_rooms, minitemple,
          kennysheep_generic_room_4, uniq_natasha
D:4:      layout_cave_pools
D:5:      layout_basic, tso_oasis_becter, minmay_temple_entry_purple_smoke,
          uniq_duvessa, uniq_crazy_yiuf_cottage
D:6:      layout_basic, lemuel_tele_altar, zin_scriptorium,
          fedhas_altar_decomposition, mainiacjoe_overflow_concentric_impassable
D:7:      layout_loops_ring, amcnicky_altar_gilded, grunt_potential
D:8:      layout_cave_pools, lemuel_doored_altar, david_lair_shrubbed,
          uniq_pikel, uniq_joseph, uniq_maggie, uniq_prince_ribbit1
D:9:      layout_stronghold, kennysheep_ying_yang
D:10:     layout_roguey, nicolae_uskayaw_murder_on_the_dancefloor,
          nemelex_xobeh_ov_fountains_minmay, xom_confusion_cloud,
          nicolae_sif_muna_little_library, enter_bailey_5,
          minmay_misc_feat_encased
D:11:     layout_cave_pools
D:12:     layout_roguey, david_orc_5, serial_shops, shop
D:13:     layout_rooms, minmay_fractal_squares_diagonal_5, uniq_josephine
D:14:     layout_cave_pools, erik_vaults_1, hangedman_decor_growths,
          kennysheep_generic_room_11
D:15:     hangedman_depths_entry_civil_slaughter, layout_cave_pools,
          minmay_misc_feat_nine_boxes, serial_column_ruins, column_ruins_grid_1,
          column_ruins_columns_straight, column_ruins_open_medium,
          wad_floor_pattern_untrapped, uniq_nessos
Temple:   hellmonk_temple_of_storms
Lair:1:   layout_cave_pods
Lair:2:   lemuel_ratsnest, layout_cave_pods, minmay_shoals_entry_hut,
          serial_bayou_shore_a, lemuel_fruit_fields
Lair:3:   layout_regular_city, minmay_snake_entry_guardpost_small,
          nicolae_quartered_pool_impasse
Lair:4:   layout_roguey, slime_entry_2, uniq_rupert
Lair:5:   minmay_lair_end_frog_pond, layout_gridlike, st_stairs_3
Shoals:1: layout_shoals, nicolae_splish_splash
Shoals:2: layout_shoals, nicolae_shoals_bring_sunscreen
Shoals:3: layout_shoals
Shoals:4: shoals_end_simple, layout_shoals, nicolae_shoals_undead_eyrie
Snake:1:  layout_grid_shapes, serial_shops, shop
Snake:2:  layout_chambers
Snake:3:  layout_cave_town, serial_shops, nicolae_shop_window_shopping
Snake:4:  hellmonk_snake_rune_quicksilver_temple, layout_gridlike,
          gammafunk_ghost_grave, drop_trap, nicolae_snake_magic_snake_eye
Slime:1:  layout_caves
Slime:2:  layout_caves
Slime:3:  layout_caves
Slime:4:  layout_caves
Slime:5
Orc:1:    layout_caves, serial_shops, nicolae_shop_peninsula,
          nicolae_orc_bridge_out
Orc:2:    grunt_orc_gardens, layout_diamond_mine, grunt_orc_garden,
          grunt_orc_garden, grunt_orc_garden, grunt_orc_garden, basic_altar,
          mines2_david
Elf:1:    nicolae_elf_arrival_no_cutting_in_line, layout_onion_city,
          serial_shops, shop, hangedman_elf_disciples, drop_trap,
          small_chamber_with_monster, nicolae_shop_i_like_big_books,
          lemuel_flamethrower_hall, uniq_aizul
Elf:2:    elven_hall_of_blades_hangedman_original [nooodl_blade_entry_preview],
          layout_geoelf_octagon, serial_shops, nicolae_shop_rolling_square
Elf:3:    elf_hall, layout_geoelf_castle, basic_altar, uniq_zenata, uniq_mara
Vaults:1: mu_enter_wizlab_2, v_alt_pattern_1, nicolae_vaults_little_squares_3,
          vaults_dpeg_encased_lava, vaults_room_corners,
          nicolae_vaults_variable_pillar_hall, vaults_room_semicircle,
          layout_vaults_chaotic_city
Vaults:2: v_rooms_4, minmay_crypt_entry_vampire_xt, v_misc_9, v_misc_19,
          nicolae_vaults_mitosis, nicolae_vaults_variable_pillar_hall,
          grunt_vaults_twisty, vaults_room_fancy_cross, nicolae_vaults_six-pack,
          ontoclasm_vaults_misaligned, ontoclasm_vaults_twist,
          nicolae_vaults_shipping_containers_4, v_misc_10,
          nicolae_vaults_offset_grid_hallway_3, v_misc_13,
          layout_vaults_maze_bifur, serial_shops, nicolae_shop_window_shopping
Vaults:3: vaults_room_boxed, ontoclasm_vaults_hangar, v_misc_30,
          nicolae_vaults_tetromino_L_1, hangedman_vaults_restitches,
          nicolae_vaults_trapezoid_4, nicolae_vaults_tetromino_Z_2,
          v_alt_pattern_1, nicolae_vaults_gold_heap, vaults_mumra_hexcomb,
          nicolae_vaults_house_1, vaults_room_stairs_pillars,
          vaults_standard_mumra_x, layout_vaults_quadrants, serial_shops, shop,
          uniq_saint_roka
Vaults:4: ontoclasm_vaults_hangar, grunt_vaults_focal,
          nicolae_vaults_network_quinsquares
          [nicolae_vaults_network_quincunx_subvault,
          nicolae_vaults_network_quincunx_subvault,
          nicolae_vaults_network_quincunx_subvault,
          nicolae_vaults_network_quincunx_subvault], hangedman_vaults_capsules,
          grunt_vaults_swirl, nicolae_vaults_trapezoid_lopsided_3,
          vaults_room_fancy_cross, nicolae_vaults_closet_pinwheel_6,
          ontoclasm_vaults_eye, nicolae_vaults_ring_of_whatevers,
          nicolae_vaults_apartment_2, layout_vaults_ring, serial_shops, shop
Vaults:5: uniq_margery
Crypt:1:  layout_misc_corridors, minmay_guarded_unrand_curses
Crypt:2:  cheibrodos_crypt_3hun_7po, layout_misc_corridors, hangedman_blasphemy
Crypt:3:  due_elkab, layout_chaotic_city
Depths:1: layout_gridlike, hell_entry, serial_shops, shop,
          nicolae_blasting_shop, st_stairs_7, nrook_mini_vaults, minmay_holes,
          kennysheep_flooded_box, hex_medium, nicolae_elyvilon_peaceful_grove
Depths:2: grunt_arcs, layout_gridlike, abyss_entry, hangedman_geh_valley,
          grunt_pan_entry_zigzag, minmay_gold_behind_fungi
Depths:3: minmay_tile_spiral, layout_long_grid, abyss_entry_glasseish,
          grunt_hell_entry_dis_old, serial_rivers,
          chequers_serial_rivers_large_a, chequers_serial_rivers_micro_e,
          chequers_serial_rivers_room_b, chequers_serial_rivers_room_a,
          rand_demon_pan_entry_5
Depths:4: grunt_bruiser_brothers, layout_basic, enter_ziggurat_c, abyss_entry,
          roderic_lattice_a, hell_entry
Hell
Geh:1:    layout_gehenna_pools_triple, nicolae_geh_lava_rosette
Coc:1:    layout_cocytus_delve, nicolae_hells_seeping_fissure
Coc:2:    layout_cocytus_delve
Coc:3:    layout_ice_bergs
Coc:4:    layout_ice_bergs
Coc:5:    nicolae_coc_naught_crossing, layout_ice_bergs
Coc:6:    layout_ice_bergs
Coc:7:    coc_dpeg
Zot:1:    layout_basic, grunt_megastairs_2
Zot:2:    evilmike_crystal_ball_defense, layout_cathedral_of_symmetry,
          ebering_ghost_reflecting_pool
Zot:3:    lemuel_acid_trip, layout_cathedral_of_symmetry
Zot:4:    kennysheep_blocky_room, layout_basic
Zot:5:    layout_twisted_circle

Skill      XL: |  1  2  3  4  5  6  7  8  9 10 11 12 13 14 15 16 17 18 19 20 21 22 23 24 25 26 27 |
---------------+----------------------------------------------------------------------------------+-----
Maces & Flails | 4 5 6 7 9 11 12 13 14 16 | 16.0
Fighting       | 4 5 6 7 8 9 11 12 14 15 17 18 19 21 22 23 26 27 | 27.0
Armour         | 2 4 5 10 13 15 17 19 22 27 | 27.0
Invocations    | 1 4 6 8 10 12 14 15 16 18 19 22 24 | 24.0
Throwing       | 2 5 9 12 15 | 15.0
Dodging        | 3 5 7 9 |  9.0
Evocations     | 2 6 8 11 14 15 | 15.0
Shields        | 9 15 21 | 21.3

Action                     |  1- 3 |  4- 6 |  7- 9 | 10-12 | 13-15 | 16-18 | 19-21 | 22-24 | 25-27 || total
---------------------------+-------+-------+-------+-------+-------+-------+-------+-------+-------++-------
  Melee: Mace              |    53 |       |       |       |       |       |       |       |       ||    53
         Flail             |    43 |   134 |   372 |    77 |    10 |       |       |       |       ||   636
         Whip              |       |       |       |   975 |  1245 |       |       |       |       ||  2220
         Punch             |       |       |       |     9 |    25 |       |       |       |       ||    34
         Dire flail        |       |       |       |       |   534 |  1839 |  1111 |       |       ||  3484
         Morningstar       |       |       |       |       |     9 |       |  1107 |   880 |       ||  1996
         Sacred scourge    |       |       |       |       |       |       |       |   714 |   472 ||  1186
         Eveningstar       |       |       |       |       |       |       |       |   537 |  2188 ||  2725
         Bite              |       |       |       |       |       |       |       |       |   173 ||   173
  Throw: Stone             |     3 |       |       |       |       |       |       |       |       ||     3
         Dart              |       |     1 |     7 |    17 |    58 |     2 |    35 |       |     2 ||   122
         Javelin           |       |       |       |     3 |       |       |       |       |    19 ||    22
         Boomerang         |       |       |       |       |     2 |   317 |    28 |    69 |    79 ||   495
 Invoke: Divine Shield     |       |       |     2 |    10 |    11 |     6 |     4 |     6 |     6 ||    45
         Cleansing Flame   |       |       |       |     7 |    32 |    31 |    52 |    41 |   132 ||   295
         Summon Divine War |       |       |       |       |     2 |     3 |     2 |     1 |    14 ||    22
         Brand Weapon With |       |       |       |       |       |       |       |     1 |       ||     1
  Evoke: Wand              |       |       |       |     7 |     1 |    15 |    17 |     6 |     1 ||    47
         Tin of tremorston |       |       |       |       |     2 |       |     1 |       |       ||     3
         Box of beasts     |       |       |       |       |       |       |     2 |       |       ||     2
    Use: Potion            |       |     1 |       |     1 |     5 |     2 |     4 |     1 |    15 ||    29
         Scroll            |       |     3 |     4 |     6 |    12 |     7 |     4 |    12 |    35 ||    83
 Armour: Robe              |    29 |     6 |       |       |       |       |       |       |       ||    35
         Ring mail         |       |    67 |   144 |     7 |       |       |       |       |       ||   218
         Chain mail        |       |       |       |   105 |       |       |       |       |       ||   105
         Crystal plate arm |       |       |       |   382 |  1200 |   624 |       |       |       ||  2206
         Quicksilver drago |       |       |       |       |       |   696 |  1149 |   862 |   533 ||  3240
         Gold dragon scale |       |       |       |       |       |       |       |       |  1120 ||  1120
  Dodge: Dodged            |    62 |    68 |   205 |   150 |   330 |   810 |   822 |   520 |   720 ||  3687
  Block: Orb               |       |       |     2 |    19 |       |       |       |       |       ||    21
         Other             |       |       |       |    13 |    64 |    46 |    20 |       |       ||   143
         Kite shield       |       |       |       |       |       |       |   676 |  1166 |  1597 ||  3439
